Map: Bel'Shir Vestige LE (Void)

Players

Jason - Winner!

  • Race: Terran Terran
  • League: Grandmaster
  • Spawn Location: 5:00

Aegwynn

  • Race: Zerg Zerg
  • League: Master
  • Spawn Location: 11:00

VOD

Have the link to the VOD?

Description

Standard 2-1-1 with double ebay and SCV scout

Time

  • Played on: April 11, 2017, 7:25 p.m.
  • Length: 12:48
Show
View Real Time Build Order
Export as new Build Order

Jason Terran - Winner!

Build Orders: Reaper Expand, Bio Mine 

Get SALT Encoding   

  12  0:00  SCV  
  13  0:13  SCV  
  14  0:18  Supply Depot  
  14  0:25  SCV  
  15  0:39  SCV  
  15  0:40  Barracks  
  16  0:43  Refinery  
  16  0:51  SCV  
  17  1:03  SCV  
  18  1:15  SCV  
  19  1:28  Reaper, Orbital Command  
  20  1:42  Command Center  
  20  1:53  Barracks  
  20  1:58  SCV  
  21  2:02  Barracks Reactor  
  21  2:07  Supply Depot  
  21  2:10  SCV  
  21  2:15  Refinery  
  22  2:22  SCV  
  23  2:28  Factory  
  23  2:38  Marine  
  23  2:39  Marine  
  23  2:42  Barracks Tech Lab  
  25  2:45  SCV  
  26  2:54  Orbital Command  
  26  2:58  Marine x2  
  26  3:05  Stimpack, Marine  
  28  3:08  SCV  
  30  3:17  Marine x2  
  32  3:27  Marine  
  32  3:28  Starport, Factory Reactor  
  32  3:30  SCV  
  34  3:34  SCV  
  34  3:38  Marine x2  
  37  3:44  Supply Depot  
  37  3:45  SCV  
  37  3:47  Marine  
  39  3:50  SCV  
  40  3:57  Marine x2  
  40  4:00  Supply Depot  
  40  4:01  SCV  
  44  4:02  SCV  
  44  4:09  Supply Depot  
  44  4:15  SCV  
  46  4:17  SCV  
  46  4:18  Marine  
  46  4:22  Medivac  
  46  4:23  Medivac  
  51  4:27  SCV  
  51  4:28  Marine x2  
  51  4:29  SCV  
  55  4:37  Engineering Bay x2  
  54  4:40  SCV  
  54  4:41  SCV, Marine  
  57  4:49  Marine x2  
  57  4:50  Supply Depot  
  57  4:52  SCV  
  60  4:53  SCV  
  60  4:54  Supply Depot  
  60  4:58  Medivac  
  60  4:59  Factory Reactor  
  63  5:04  SCV  
  63  5:05  SCV  
  63  5:06  Terran Infantry Weapons Level 1, Terran Infantry Armor Level 1  
  65  5:09  Marine  
  65  5:10  Marine  
  67  5:18  SCV, Marine  
  67  5:20  SCV  
  70  5:23  Combat Shields  
  70  5:28  Marine x2  
  70  5:29  Supply Depot  
  70  5:30  SCV  
  73  5:36  Marine  
  71  5:44  SCV  
  71  5:47  Marine x2  
  72  5:53  SCV  
  72  5:56  Command Center, SCV  
  74  5:58  Supply Depot, Starport Reactor  
  74  5:59  Marine  
  74  6:03  Factory Reactor  
  75  6:06  Marine x2  
  75  6:10  Barracks x2  
  77  6:13  Barracks  
  77  6:14  SCV  
  77  6:17  Refinery  
  78  6:19  Refinery  
  74  6:27  Marine  
  74  6:30  Marine  
  74  6:32  Marine  
  72  6:38  Medivac  
  72  6:39  Medivac  
  71  6:40  SCV  
  71  6:41  SCV  
  71  6:45  Marine  
  71  6:46  Widow Mine x2  
  78  6:48  Marine  
  78  6:50  Marine  
  78  6:53  SCV  
  78  6:54  Armory  
  81  6:55  Supply Depot  
  81  6:56  SCV  
  81  6:57  Supply Depot  
  81  6:58  Marine  
  81  6:59  Marine x3  
  86  7:03  Marine  
  86  7:05  SCV  
  86  7:07  Marine x2  
  84  7:11  Marine  
  84  7:15  SCV  
  85  7:16  Marine  
  85  7:17  SCV  
  85  7:18  Marine x3  
  85  7:21  Marine  
  91  7:23  Factory  
  91  7:25  Marine x2  
  91  7:27  SCV  
  91  7:29  SCV, Marine  
  96  7:36  Marine  
  96  7:37  Marine x3  
  97  7:39  Marine  
  97  7:40  SCV  
  97  7:42  Supply Depot  
  97  7:43  Supply Depot, Marine  
  103  7:47  Terran Infantry Armor Level 2  
  103  7:50  Marine x2  
  105  7:54  SCV x2  
  105  7:57  Orbital Command  
  107  7:59  Marine x2  
  107  8:03  Widow Mine  
  110  8:07  SCV x2  
  110  8:09  Factory Tech Lab, Marine x2  
  113  8:13  Marine  
  113  8:14  Marine  
  115  8:22  Marine  
  114  8:29  Marine x3  
  114  8:30  Marine  
  114  8:31  Marine  
  114  8:32  Widow Mine x2  
  114  8:33  SCV x2  
  125  8:34  Missile Turret  
  125  8:38  Missile Turret  
  125  8:44  Widow Mine  
  125  8:45  Marine x2  
  127  8:49  Liberator x2, Marine x2  
  125  8:59  Marine x2  
  125  9:00  Marine  
  125  9:01  Widow Mine x2  
  132  9:04  Marine x3  
  132  9:06  Terran Infantry Weapons Level 2  
  132  9:07  Marine  
  142  9:10  Supply Depot  
  142  9:11  Marine  
  142  9:13  Widow Mine  
  142  9:16  Marine  
  142  9:17  Marine  
  146  9:18  Marine  
  146  9:22  Marine  
  146  9:23  Drilling Claws  
  149  9:31  Widow Mine x2, Marine x2  
  149  9:36  Liberator  
  146  9:42  Marine x3  
  146  9:43  Marine x2  
  122  9:46  Marine  
  122  9:49  Marine  
  122  9:51  Marine  
  123  10:00  SCV, Barracks, Marine x3  
  123  10:01  Marine x2, Barracks  
  123  10:02  Barracks  
  123  10:04  Marine  
  123  10:06  Widow Mine  
  123  10:07  Widow Mine, Marine  
  130  10:09  Marine  
  136  10:18  Marine x3  
  136  10:19  Marine x2  
  141  10:21  Widow Mine  
  141  10:22  Marine  
  141  10:25  Marauder  
  141  10:27  Marine  
  140  10:35  Widow Mine x2  
  128  10:36  Marine x3  
  128  10:37  Marine x2  
  128  10:39  Marine  
  137  10:45  Marine  
  137  10:46  Marauder  
  140  10:50  Widow Mine  
  140  10:51  Marine  
  140  10:53  Marine  
  140  10:54  Marine x4  
  140  10:55  Marine x2  
  150  10:57  Marine  
  150  11:02  Marine  
  150  11:03  Widow Mine  
  150  11:04  Widow Mine  
  152  11:07  Command Center, Marine  
  157  11:23  Supply Depot  
  157  11:24  Supply Depot  
  157  11:30  Marine x2  
  157  11:34  SCV, Marine  
  157  11:35  Marine  
  157  11:36  Marine  
  157  11:38  SCV  
  157  11:44  Widow Mine x2, Marine x5  
  157  11:45  SCV  
  157  11:46  SCV, Widow Mine, Marine  
  169  11:48  Marine x2  
  169  11:50  SCV  
  168  11:56  Marine  
  168  11:57  SCV, Marine x2  
  162  12:02  Marine x3  
  162  12:03  Marauder  
  160  12:12  Marine  
  160  12:13  Widow Mine  
  160  12:14  Widow Mine, Marine x6  
  171  12:20  Marine  
  164  12:24  Marauder  
  164  12:26  Marine x2  
Show
View Real Time Build Order
Export as new Build Order

Aegwynn Zerg 

Build Orders: Hatch First, Muta Ling Bane 

Get SALT Encoding   

  12  0:00  Drone  
  13  0:13  Overlord  
  13  0:17  Drone  
  14  0:31  Drone x2  
  16  0:36  Drone  
  17  0:50  Hatchery  
  17  0:55  Drone  
  17  0:58  Drone  
  18  1:04  Extractor  
  17  1:13  Spawning Pool  
  17  1:17  Drone  
  17  1:20  Drone  
  18  1:29  Drone  
  19  1:39  Overlord  
  19  1:54  Drone  
  19  1:59  Queen  
  19  2:01  Zergling x2  
  23  2:02  Queen  
  23  2:03  Zergling x2  
  26  2:09  Metabolic Boost  
  26  2:11  Zergling x2  
  27  2:18  Drone  
  28  2:28  Drone x2  
  30  2:42  Overlord, Queen x2  
  34  2:54  Drone x2  
  36  3:04  Extractor  
  36  3:07  Hatchery  
  36  3:10  Drone x4  
  36  3:11  Drone  
  39  3:24  Zergling x2  
  39  3:25  Zergling x10  
  43  3:34  Overlord  
  43  3:39  Drone  
  43  3:40  Overlord  
  44  3:53  Drone x3  
  47  3:59  Drone x4  
  50  4:04  Drone x2  
  52  4:17  Drone x3  
  52  4:19  Extractor  
  52  4:21  Queen  
  52  4:22  Overlord  
  55  4:27  Drone x3, Queen  
  55  4:28  Queen  
  62  4:40  Zergling x2  
  62  4:42  Zergling x2  
  62  4:43  Zergling x12  
  70  5:03  Overlord, Queen  
  70  5:04  Overlord x4  
  72  5:18  Zergling x2  
  73  5:21  Queen  
  73  5:25  Evolution Chamber x2  
  77  5:28  Drone x4  
  77  5:29  Drone  
  77  5:31  Extractor  
  77  5:32  Lair  
  72  5:36  Zergling x20  
  75  5:51  Zerg Ground Armor Level 1  
  75  5:52  Zerg Melee Weapons Level 1  
  75  5:53  Drone  
  75  5:56  Baneling Nest  
  75  5:58  Drone  
  75  5:59  Drone x9  
  83  6:12  Zergling x2  
  83  6:13  Zergling x8  
  79  6:26  Zergling x12  
  80  6:34  Zergling x2  
  80  6:35  Zergling x12  
  85  6:44  Drone x2, Centrifical Hooks, Spire  
  86  6:56  Drone  
  86  6:57  Drone x3  
  86  7:00  Extractor  
  88  7:03  Zergling x16  
  91  7:30  Overlord x3  
  91  7:32  Zergling x14, Hatchery  
  91  7:35  Overlord x3  
  91  7:37  Overseer, Pneumatized Carapace  
  97  7:38  Overseer  
  97  7:46  Zergling x2  
  97  7:51  Overlord x3, Hatchery  
  97  7:52  Drone  
  97  7:58  Mutalisk x3  
  99  8:01  Baneling x8  
  99  8:04  Baneling  
  99  8:05  Zergling x6, Baneling x5  
  97  8:06  Zergling x10  
  104  8:13  Baneling  
  104  8:14  Zergling x2  
  105  8:24  Zergling x10  
  108  8:36  Zergling x2, Hatchery  
  108  8:37  Zergling x14  
  114  8:48  Baneling x4  
  114  8:49  Baneling x2  
  114  8:52  Zergling x16  
  107  8:58  Zergling x10  
  108  9:06  Zergling x4  
  108  9:07  Zergling x8  
  112  9:11  Zerg Ground Armor Level 2, Zerg Melee Weapons Level 2  
  112  9:13  Baneling x2  
  112  9:14  Baneling x4  
  112  9:15  Zergling x6  
  115  9:25  Zergling x10  
  100  9:44  Zergling x22  
  99  9:51  Mutalisk x3  
  98  9:55  Zergling x2  
  98  9:56  Zergling x6  
  98  9:57  Baneling x4  
  98  9:58  Zergling x2, Baneling  
  101  10:01  Extractor  
  101  10:03  Extractor  
  101  10:04  Queen x3  
  101  10:05  Zergling x12  
  111  10:12  Baneling  
  111  10:13  Baneling x5  
  111  10:14  Zergling x8  
  97  10:30  Zergling x12  
  97  10:34  Zergling x2  
  97  10:35  Zergling x6  
  105  10:39  Zergling x2  
  105  10:40  Zergling x10  
  101  10:43  Baneling  
  101  10:44  Baneling x4  
  101  10:47  Drone  
  101  10:48  Drone x2  
  101  10:49  Zergling x10  
  98  11:00  Baneling x8  
  98  11:01  Zergling x2  
  98  11:02  Zergling x8  
  101  11:07  Zergling x2  
  101  11:08  Zergling x6  
  105  11:14  Hatchery  
  105  11:17  Zergling x10  
  109  11:21  Baneling x7  
  109  11:22  Mutalisk  
  105  11:36  Mutalisk x4  
  96  11:51  Mutalisk x2  
  98  12:02  Overseer  
  98  12:03  Overseer  
  98  12:05  Zergling x18  
  95  12:10  Hatchery  
  95  12:15  Mutalisk x2  
  75  12:28  Zergling x2  
  75  12:29  Zergling x8  
Tags
 
Add a new tag
Caveats
  • Supply blocks, unpowered buildings, or Contaminate may cause inaccurate times.
  • Supply counts are checked every 10 seconds.